 Dungeon Crawl Stone Soup version 0.32-a0-607-g64ea0e4219 (webtiles) character file.

Game seed: 18189633566874071290

11950 backslashecho the Severer (level 11, -4/121 HPs)
             Began as a Coglin Berserker on Mar 3, 2024.
             Was a Priest of Trog.
             Slain by an eight-headed hydra (10 damage)
             ... on level 1 of the Lair of Beasts.
             The game lasted 00:24:23 (13114 turns).

backslashecho the Severer (Coglin Berserker)       Turns: 13114, Time: 00:24:23

Health: -4/121     AC: 15    Str: 22    XL:     11   Next: 85%
Magic:  11/11      EV: 11    Int:  6    God:    Trog [***...]
Gold:   360        SH:  0    Dex: 10    Spells: 10/10 levels left

rFire   . . .        M - +4 rapier of the Queen {drain, *Noise rPois rC+ rCorr}
rCold   + + .        v - +1 dagger (speed) {Suchat}
rNeg    . . .        u - +1 ring mail of Johafoag {+Inv rPois rC+ Dex-4}
rPois   +            b - +1 helmet
rElec   .            C - +2 cloak {rCorr}
rCorr   +            o - +0 pair of gloves
SInv    .            A - +0 pair of boots
Will    .....        (amulet unavailable) Stlth
                     (ring unavailable)
HPRegen 0.40/turn    (ring unavailable)
MPRegen 0.12/turn    (no gizmo)

%: no passive effects
@: berserking, revving, very quick
A: off-hand wielding, slow wielding, warmup strikes, no jewellery
a: Invent Gizmo, Renounce Religion, Evoke Invisibility, Berserk, Trog's Hand


You were on level 1 of the Lair of Beasts.
You worshipped Trog.
Trog was most pleased with you.
You visited 2 branches of the dungeon, and saw 13 of its levels.

You collected 812 gold pieces.
You spent 452 gold pieces at shops.

Inventory:

Hand Weapons
 d - a +2 short sword of draining
 m - a +0 dagger of electrocution {Kansuke}
 s - a +0 war axe {Kenzo}
 v - a +1 dagger of speed (offhand) {Suchat}
 M - the +4 rapier of the Queen (weapon) {drain, *Noise rPois rC+ rCorr}
   (You found it on level 10 of the Dungeon)

   rC+:       It protects you from cold.
   rPois:     It protects you from poison.
   *Noise:    It may make a loud noise when swung.
   rCorr:     It protects you from acid and corrosion.
Missiles
 p - 3 poisoned darts (quivered)
Armour
 b - a +1 helmet (worn)
 c - a +2 robe of fire resistance
 o - a +0 pair of gloves (worn)
 u - the +1 ring mail of Johafoag (worn) {+Inv rPois rC+ Dex-4}
   (You found it on level 4 of the Dungeon)

   Dex-4:     It affects your dexterity (-4).
   rC+:       It protects you from cold.
   rPois:     It protects you from poison.
   +Inv:      It lets you turn invisible.
 A - a +0 pair of boots (worn)
 C - a +2 cloak of preservation (worn)
Wands
 l - a wand of flame (32)
 B - a wand of iceblast (8)
 I - a wand of digging (2)
Scrolls
 e - 3 scrolls of noise
 f - a scroll of silence
 g - 12 scrolls of teleportation
 j - 3 scrolls of enchant armour
 n - a scroll of immolation {unknown}
 t - a scroll of fog
 y - a scroll of butterflies {unknown}
 z - a scroll of blinking
 D - a scroll of vulnerability {unknown}
 G - a scroll of revelation {unknown}
 H - a scroll of enchant weapon {unknown}
 J - a scroll of poison {unknown}
 K - a scroll of acquirement {unknown}
 N - a scroll of identify
Potions
 a - a potion of lignification
 h - 3 potions of heal wounds
 i - 2 potions of berserk rage
 k - a potion of magic
 q - 4 potions of curing
 r - 3 potions of brilliance {unknown}
 w - a potion of invisibility
 x - 2 potions of degeneration {unknown}
 E - a potion of ambrosia {unknown}
 F - a potion of cancellation {unknown}
 L - 2 potions of enlightenment {unknown}


   Skills:
 + Level 5.8 Fighting
 - Level 2.0 Short Blades
 * Level 16.8 Axes
 - Level 5.0 Armour
 - Level 2.0 Dodging


You had 10 spell levels left.
You didn't know any spells.
Your spell library was empty.

Dungeon Overview and Level Annotations

Branches:
Dungeon (11/15)            Temple (0/1) D:4            Lair (2/5) D:9
    Orc (0/2) D:9
  Swamp: Lair:2-3    Shoals: Lair:2-3     Snake: Lair:2-3    Spider: Lair:2-3

Altars:
Ashenzari
Elyvilon
Kikubaaqudgha
Nemelex Xobeh
Ru
Trog
Uskayaw
Vehumet
Xom

Shops:
D:1 *

Annotations:
D:9 1 runed translucent door, exclusion: door
Lair:1 1 runed translucent door


Innate Abilities, Weirdness & Mutations

You can wield a second weapon in your off-hand.
It takes a long time for you to wield or remove held weapons.
Your first few attacks do less damage.
You cannot equip rings or amulets.


Message History

The cane toad is almost dead.
You hit the cane toad with your +1 dagger of speed.
You kill the cane toad!
Trog accepts your kill.
You feel sick.
You take 1 damage, and have 51/121 hp.
You feel sick.
You take 2 damage, and have 49/121 hp.
You start resting.
You feel a strong urge to attack something.
You feel sick.
You start resting.
You feel sick.
You feel your anger nearly subside.
You feel sick.
You take 2 damage, and have 47/121 hp.
You start resting.
You are no longer berserk.
You are exhausted.
You feel yourself slow down.
You feel sick.
You now have 31/81 hp.
You start resting.
You feel sick. x3
You are no longer poisoned.
You take 4 damage, and have 27/81 hp.
You start resting.
You feel yourself speed up.
You regained 13 hp, and now have 40/81 hp.
You start resting.
You recover from your berserk rage.
You regained 5 hp, and now have 45/81 hp.
You start resting.
HP restored.
Health restored: 81 You're wielding all the weapons you can.
Replace which one? (? for menu, Esc to cancel) < or
s - a +0 war axe {Kenzo}; > or
v - a +1 dagger of speed {Suchat} You start parting from your weapon.
You continue parting from your +0 war axe {Kenzo}. x4
You whisper farewell to Kenzo.
You finish parting from your +0 war axe {Kenzo}.
You start attuning to your weapon.
You continue attuning to the +4 rapier of the Queen {drain, *Noise rPois rC+ rCorr}. x5
You finish attuning to the +4 rapier of the Queen {drain, *Noise rPois rC+ rCorr}.
You sense an unholy aura.
You welcome the +4 rapier of the Queen into your grasp.
There is a staircase to the Lair here.
Okay, then.
Unknown command.
You climb downwards.
Welcome back to the Lair of Beasts!
Level annotation: 1 runed translucent door The komodo dragon bites you!!
The eight-headed hydra barely misses you.
The eight-headed hydra bites you but does no damage.
The eight-headed hydra barely misses you.
The eight-headed hydra bites you but does no damage. x3
The eight-headed hydra barely misses you.
The eight-headed hydra bites you but does no damage.
The komodo dragon bites you!!
The eight-headed hydra bites you but does no damage.
The eight-headed hydra barely misses you.
The eight-headed hydra closely misses you.
The eight-headed hydra bites you.
The eight-headed hydra bites you but does no damage.
The eight-headed hydra bites you!
* * * LOW HITPOINT WARNING * * *
The eight-headed hydra bites you but does no damage.
The eight-headed hydra bites you.
* * * LOW HITPOINT WARNING * * *
There is a staircase back to the Dungeon, spattered with blood here.
You take 60 damage, and have 21/81 hp.
MASSIVE DAMAGE!!
A red film seems to cover your vision as you go berserk!
You feel yourself moving faster!
You feel mighty!
You can no longer call in reinforcements.
The komodo dragon bites you but does no damage.
The eight-headed hydra bites you.
* * * LOW HITPOINT WARNING * * *
The eight-headed hydra completely misses you.
The eight-headed hydra bites you.
* * * LOW HITPOINT WARNING * * *
The eight-headed hydra bites you but does no damage. x2
The eight-headed hydra barely misses you.
The eight-headed hydra bites you but does no damage. x2
You now have 26/121 hp.
You puncture the eight-headed hydra with your +1 dagger of speed!
The eight-headed hydra is lightly wounded.
You puncture the eight-headed hydra with the +4 rapier of the Queen!
You drain the eight-headed hydra. The komodo dragon bites you!
* * * LOW HITPOINT WARNING * * *
You take 15 damage, and have 11/121 hp.
You puncture the eight-headed hydra with your +1 dagger of speed!
The eight-headed hydra is heavily wounded.
You puncture the eight-headed hydra with the +4 rapier of the Queen!
The eight-headed hydra bites you but does no damage.
The eight-headed hydra bites you.
* * * LOW HITPOINT WARNING * * *
The eight-headed hydra barely misses you.
The eight-headed hydra bites you but does no damage.
The eight-headed hydra misses you.
The eight-headed hydra bites you but does no damage.
The eight-headed hydra bites you!
You die...

#...##................♣♣ ♣♣...~~~
#..#.♣.......♣.........♣ ♣......
...#...................♣♣♣♣♣.....
#..#.♣.......♣..........♣........
#................................
#..#.♣.♣.♣.♣.♣........÷..........
#..#......#......................
#..#######......l................
...............D@................
#......".........................
.................................
#................................
#................................
..........>......................
#.#.#.####.......##...##.....###.
#........#.......#######.....####
#.#..............# #.....+†..


You could see an eight-headed hydra (drained) and a komodo dragon.

Vanquished Creatures
  A two-headed ogre (D:11)
  3 deep trolls (D:7)
  Pikel (D:7)
  A cyclops (D:11)
  A manticore (D:11)
  Joseph (D:9)
  A torpor snail (Lair:1)
  3 cane toads
  A rime drake (Lair:1)
  Jeremiah (D:8)
  A troll (D:11)
  5 blink frogs (Lair:1)
  Grinder (D:4)
  2 hornets
  2 wraiths
  2 wyverns
  A vampire (D:9)
  A basilisk (Lair:1)
  2 acid dragons
  A water moccasin (Lair:1)
  A sky beast (D:7)
  A black bear (D:6)
  2 ice beasts
  An orc warrior (D:11)
  2 laughing skulls (D:11)
  4 centaurs
  7 bullfrogs
  A gnoll sergeant (D:8)
  3 scorpions
  4 wights (D:5)
  12 killer bees
  7 howler monkeys
  A bombardier beetle (D:5)
  A hound (D:7)
  3 jellies
  5 orc priests
  11 orc wizards
  2 sleepcaps (D:5)
  Natasha (twice) (D:4)
  5 iguanas
  Robin (D:4)
  6 gnolls
  6 adders
  2 white imps
  4 dart slugs
  30 orcs
  13 ball pythons
  8 bats
  9 endoplasms
  5 giant cockroaches
  9 goblins
  7 hobgoblins
  17 kobolds
  2 quokkas
  A frilled lizard (D:2)
  7 rats
  A spectral weapon (D:9)
235 creatures vanquished.

Vanquished Creatures (others)
  An orc (D:3)
  A goblin (D:3)
2 creatures vanquished.

Grand Total: 237 creatures vanquished

Notes
Turn   | Place    | Note
-------+----------+-------------------------------------------
     0 | D:1      | backslashecho the Coglin Berserker began the quest for the
                  | Orb.
     0 | D:1      | Reached XP level 1. HP: 18/18 MP: 1/1
    42 | D:1      | Reached XP level 2. HP: 23/24 MP: 2/2
   207 | D:1      | Reached skill level 1 in Short Blades
   256 | D:1      | Reached XP level 3. HP: 27/29 MP: 3/3
   392 | D:1      | Found Keaschyusm's Assorted Antiques.
   568 | D:2      | Reached ** piety under Trog
   961 | D:2      | Reached XP level 4. HP: 35/35 MP: 4/4
  1205 | D:3      | Found the Hermit's Pendant {Faith Invo=14 Evo=0 MP+5}
  1221 | D:3      | Found a shimmering altar of Xom.
  1240 | D:3      | Reached skill level 4 in Axes
  1733 | D:4      | Noticed Natasha
  1825 | D:4      | Found a sparkling altar of Nemelex Xobeh.
  1825 | D:4      | Found a bloodstained altar of Trog.
  1829 | D:4      | Found a radiant altar of Vehumet.
  1899 | D:4      | Found a staircase to the Ecumenical Temple.
  1912 | D:4      | Identified the +1 ring mail of Johafoag {+Inv rPois rC+
                  | Dex-4}
  1991 | D:4      | Noticed Robin
  2004 | D:4      | Reached XP level 5. HP: 29/41 MP: 5/5
  2006 | D:4      | Killed Robin
  2215 | D:4      | Reached *** piety under Trog
  2265 | D:4      | Found a white marble altar of Elyvilon.
  2310 | D:4      | Found a broken altar of Ashenzari.
  2313 | D:4      | Found a sacrificial altar of Ru.
  2332 | D:4      | Noticed Grinder
  2350 | D:4      | Killed Grinder
  2351 | D:4      | Reached skill level 5 in Axes
  2351 | D:4      | Reached XP level 6. HP: 47/49 MP: 6/6
  2557 | D:4      | Killed Natasha
  2648 | D:4      | Noticed Natasha
  2653 | D:4      | Killed Natasha
  2668 | D:5      | Entered Level 5 of the Dungeon
  2726 | D:5      | Reached skill level 6 in Axes
  2726 | D:5      | Reached XP level 7. HP: 46/55 MP: 7/7
  2771 | D:5      | Identified the +0 robe "Fovauhov" {rC+ Str-3 Archmagi}
  2890 | D:5      | Reached skill level 5 in Fighting
  3163 | D:1      | Bought a runed cloak for 195 gold pieces
  3546 | D:5      | Reached skill level 7 in Axes
  3764 | D:5      | Reached XP level 8. HP: 62/62 MP: 8/8
  3839 | D:5      | Reached skill level 8 in Axes
  4319 | D:6      | Noticed a wraith
  4324 | D:6      | Killed a wraith
  4506 | D:6      | Reached skill level 9 in Axes
  5345 | D:7      | Reached XP level 9. HP: 68/68 MP: 9/9
  5460 | D:7      | Reached skill level 10 in Axes
  5477 | D:7      | Noticed a deep troll
  5478 | D:7      | Noticed a deep troll
  5493 | D:7      | Killed a deep troll
  5499 | D:7      | Killed a deep troll
  5500 | D:7      | Reached skill level 11 in Axes
  5500 | D:7      | Reached skill level 5 in Armour
  5536 | D:7      | Noticed a deep troll
  5543 | D:7      | Killed a deep troll
  5544 | D:7      | Reached skill level 12 in Axes
  5544 | D:7      | Reached XP level 10. HP: 72/74 MP: 10/10
  5619 | D:7      | Noticed Pikel
  5635 | D:7      | Killed Pikel
  5720 | D:7      | Found the necklace of Bloodlust {Fury *Rage Will++ Int-3
                  | Slay+6}
  5971 | D:7      | Reached skill level 13 in Axes
  6725 | D:8      | Reached **** piety under Trog
  7204 | D:8      | Noticed Jeremiah
  7235 | D:8      | Killed Jeremiah
  7748 | D:9      | Found a staircase to the Orcish Mines.
  7831 | D:9      | Noticed a sixfirhy
  7833 | D:9      | Found a runed translucent door.
  7886 | D:9      | Noticed Joseph
  7893 | D:9      | Killed Joseph
  7894 | D:9      | Reached skill level 14 in Axes
  8169 | D:9      | Paralysed by a hornet for 3 turns
  8491 | D:9      | Found a staircase to the Lair.
  8757 | D:1      | Bought a runed hand axe for 156 gold pieces
  8757 | D:1      | Bought a scroll of teleportation for 78 gold pieces
  8757 | D:1      | Bought a fizzy black potion for 23 gold pieces
  8954 | D:10     | Entered Level 10 of the Dungeon
  9053 | D:10     | Found a hide-covered altar of Uskayaw.
  9107 | D:10     | Identified the +4 rapier of the Queen {drain, *Noise rPois
                  | rC+ rCorr}
  9396 | D:10     | Reached XP level 11. HP: 39/79 MP: 11/11
  9604 | D:10     | Reached skill level 15 in Axes
 10128 | D:11     | Noticed a two-headed ogre
 10131 | D:11     | Killed a two-headed ogre
 10467 | D:11     | Noticed a cyclops
 10477 | D:11     | Killed a cyclops
 10718 | D:11     | Found an ancient bone altar of Kikubaaqudgha.
 10754 | D:11     | Noticed a manticore
 10774 | D:11     | HP: 5/118 [manticore (5)]
 10775 | D:11     | Killed a manticore
 11137 | D:11     | Reached skill level 16 in Axes
 11517 | Lair:1   | Entered Level 1 of the Lair of Beasts
 11598 | Lair:1   | You fall into a shaft and drop 1 floor!
 12096 | Lair:1   | HP: 3/79 [poisoned by a cane toad]
 12864 | Lair:1   | Noticed a lindwurm
 12864 | Lair:1   | Noticed a lindwurm
 12884 | Lair:1   | Found a runed translucent door.
 12919 | Lair:1   | Noticed an eight-headed hydra
 13114 | Lair:1   | HP: 6/121 [eight-headed hydra (6)]
 13114 | Lair:1   | Slain by an eight-headed hydra

Illustrated notes

Levels and vault maps discovered:
D:1:      amcnicky_arrival_feature_with_door, layout_rooms, serial_shops, shop
D:2:      layout_basic
D:3:      layout_basic, xom_confusion_cloud, nrook_mini_backslash,
          serial_bayou_pond_e
D:4:      layout_loops_ring, nicolae_overflow_hidden_temple,
          kennysheep_little_box, minmay_temple_entry_glassed_door, uniq_grinder,
          uniq_natasha, uniq_robin
D:5:      layout_basic, hangedman_abyss_or_decor_stabs, nrook_mini_vaults
D:6:      dreamdust_elfheim, layout_basic, minmay_a_box_with_orc_wizards_in_it
D:7:      lemuel_ice_spiral_2, layout_basic, minmay_holes,
          minmay_misc_feat_columns, hellmonk_guarded_unrand_vitality_bloodlust,
          uniq_pikel
D:8:      layout_loops_ring, uniq_jeremiah
D:9:      cheibrodos_shockbox, layout_basic, lair_entry_dummy, orc_0_dummy,
          nicolae_eternal_life, uniq_joseph
D:10:     layout_gridville, amcnicky_altar_gilded, dreamdust_mushroom_princess
D:11:     layout_roguey, hangedman_abyss_or_decor_passed,
          kiku_gazebo_pond_becter
Lair:1:   gammafunk_lair_enchanted_lake, layout_regular_city, serial_forest,
          infiniplex_forest_zigzag_2, infiniplex_forest_corner_2,
          infiniplex_forest_join, infiniplex_forest_lined_room_3,
          infiniplex_forest_split, infiniplex_forest_straight_4
Lair:2:   layout_regular_city, gammafunk_ghost_ooze, infiniplex_staircase_pool

Skill      XL: |  1  2  3  4  5  6  7  8  9 10 11 |
---------------+----------------------------------+-----
Short Blades   | 1 2 |  2.0
Armour         | 2 3 5 |  5.0
Dodging        | 2 |  2.0
Axes           | 4 5 6 7 9 12 14 16 | 16.8
Fighting       | 4 5 |  5.8

Action                     |  1- 3 |  4- 6 |  7- 9 | 10-12 || total
---------------------------+-------+-------+-------+-------++-------
  Melee: Dagger            |    62 |    73 |   160 |   430 ||   725
         Hand axe          |    54 |    41 |       |       ||    95
         War axe           |       |    35 |   176 |   442 ||   653
         Rapier            |       |       |       |    16 ||    16
  Throw: Dart              |       |       |       |     1 ||     1
 Invoke: Berserk           |     1 |     3 |     6 |    11 ||    21
         Trog's Hand       |       |     1 |       |     2 ||     3
  Evoke: Wand              |       |       |       |     3 ||     3
    Use: Scroll            |     1 |       |     9 |     5 ||    15
         Potion            |       |       |       |     2 ||     2
   Stab: Sleeping          |     2 |     1 |       |       ||     3
 Armour: Animal skin       |    37 |    11 |       |       ||    48
         Ring mail         |       |    32 |   108 |   336 ||   476
  Dodge: Dodged            |    45 |    41 |    76 |   210 ||   372

Table legend: (Time is in decaauts)
 A = Elapsed time spent in this place.
 B = Non-inter-level travel time spent in this place.
 C = Inter-level travel time spent in this place.
 D = Time resting spent in this place.
 E = Time spent auto-exploring this place.
 F = Levels seen in this place.
 G = Mean time per level.
                   A        B        C        D        E       F      G
               +--------+--------+--------+--------+--------+-----+--------+
         Total |  13233 |  11596 |   1637 |   2502 |   7007 |  13 | 1017.9 |
       Dungeon |  12007 |  10401 |   1606 |   1894 |   6702 |  11 | 1091.5 |
          Lair |   1226 |   1196 |     30 |    608 |    305 |   2 |  613.0 |
               +--------+--------+--------+--------+--------+-----+--------+

Top non-repeatable levels by time:
     D:9: 1555 daAuts
     D:5: 1344 daAuts
    D:10: 1320 daAuts
     D:7: 1316 daAuts
  Lair:1: 1199 daAuts
    D:11: 1180 daAuts
     D:6: 1132 daAuts
     D:8: 969 daAuts
     D:4: 928 daAuts
     D:3: 911 daAuts
     D:1: 766 daAuts
     D:2: 581 daAuts
  Lair:2: 27 daAuts
